 Dungeon Crawl Stone Soup version 0.16.0 (webtiles) character file.

218281 rgaf the Basher (level 18, 0/130 HPs)
             Began as a Demonspawn Skald on Mar 12, 2015.
             Was the Champion of Kikubaaqudgha.
             Slain by a Hell Sentinel (22 damage)
             ... on level 1 of the Abyss.
             The game lasted 03:22:26 (57680 turns).

rgaf the Basher (Demonspawn Skald)                 Turns: 57680, Time: 03:22:26

Health: 0/130      AC: 20    Str: 14    XL:     18   Next: 41%
Magic:  33/33      EV: 10    Int: 25    God:    Kikubaaqudgha [******]
Gold:   2667       SH:  5    Dex: 11    Spells: 9 memorised, 16 levels left

rFire  + . .     SeeInvis .     t - +8 whip "Snakebite" {venom, rPois}
rCold  + + .     Clarity  +     f - +2 plate armour {rC+}
rNeg   . . .     SustAb   .     R - +0 buckler
rPois  +         Gourm    .     (helmet unavailable)
rElec  +         Spirit   .     S - +2 cloak
rCorr  .         Warding  .     A - +0 pair of gloves
rMut   .         Stasis   .     O - +1 pair of boots "Veshrigi" {Stlth+}
MR     ++...                    y - amulet of clarity
Stlth  ..........               G - ring of Linearity {rElec rC+ Str+2 Int+5 Dex-4 Stlth-}
                                u - ring of protection from magic

@: repel missiles, very resistant to hostile enchantments, extremely unstealthy
A: horns 3, repulsion field 2, berserk 1, deformed body, fire resistance 1,
frail 1, ignite blood, low mp 1, nightstalker 3, screaming 1, flame cloud
immunity
a: Receive Corpses, Torment, Renounce Religion
}: 1/15 runes: serpentine


You were on level 1 of the Abyss.
You worshipped Kikubaaqudgha.
Kikubaaqudgha was exalted by your worship.
You were very hungry.

You visited 7 branches of the dungeon, and saw 37 of its levels.
You visited the Abyss 1 time.
You also visited: Labyrinth, Bailey and Ice Cave.

You collected 3537 gold pieces.
You spent 870 gold pieces at shops.

Inventory:

Hand weapons
 h - a +0 morningstar of protection
 t - the +8 whip "Snakebite" (weapon) {venom, rPois}
   (You found it on level 8 of the Dungeon)

   It poisons the flesh of those it strikes.
   It protects you from poison.
 z - a +0 eveningstar
Armour
 f - a +2 plate armour of cold resistance (worn)
 n - the +18 shield of the gong {rElec rN+ MR+ EV-5}
   (You acquired it on level 15 of the Dungeon)

   It affects your evasion (-5).
   It insulates you from electricity.
   It protects you from negative energy.
   It affects your resistance to hostile enchantments.
 A - a +0 pair of gloves (worn)
 O - the +1 pair of boots "Veshrigi" (worn) {Stlth+}
   (You found it in a labyrinth)

   It makes you more stealthy.
 R - a +0 buckler (worn)
 S - a +2 cloak (worn)
Jewellery
 g - an uncursed ring of sustain abilities
 u - a ring of protection from magic (left hand)
 y - an amulet of clarity (around neck)
 D - an uncursed ring of flight
 E - a +5 ring of protection
 F - the ring "Izav" {Wiz Int+2}
   (You found it in a labyrinth)

   [ring of wizardry]

   It improves your spell success rate.
   It affects your intelligence (+2).
 G - the ring of Linearity (right hand) {rElec rC+ Str+2 Int+5 Dex-4 Stlth-}
   (You bought it in a shop on level 4 of the Orcish Mines)

   [ring of intelligence]

   It affects your strength (+2).
   It affects your intelligence (+5).
   It affects your dexterity (-4).
   It protects you from cold.
   It insulates you from electricity.
   It makes you less stealthy.
 M - an uncursed ring of see invisible
Magical devices
 c - a wand of invisibility (3)
 e - a wand of lightning (2)
 o - a wand of digging (8)
 s - a wand of fire (8)
 C - a wand of paralysis (3)
 I - a wand of cold (0)
 Q - a wand of teleportation (7)
 Z - a wand of disintegration (4)
Scrolls
 b - a scroll of magic mapping
 i - 16 scrolls of remove curse
 l - 13 scrolls of enchant armour
 m - 2 scrolls of fog
 p - 4 scrolls of teleportation
 r - 8 scrolls of fear
 w - 7 scrolls of amnesia
 H - 10 scrolls of enchant weapon
 J - a scroll of brand weapon {unknown}
 Y - 5 scrolls of recharging
Potions
 a - a potion of brilliance
 k - 3 potions of agility
 v - 2 potions of haste
 x - a potion of berserk rage
 L - 4 potions of might
 N - 4 potions of restore abilities
 T - 5 potions of cancellation
 U - a potion of resistance {unknown}
 V - 3 potions of cure mutation
 X - 7 potions of curing
Books
 P - a book of Death

   Spells                             Type                      Level
   a - Corpse Rot                     Necromancy                   2
   b - Sublimation of Blood           Necromancy                   2
   c - Agony                          Necromancy                   5
   d - Dispel Undead                  Necromancy                   5
   e - Excruciating Wounds            Charms/Necromancy            5
   f - Bolt of Draining               Conjuration/Necromancy       5
Comestibles
 d - 20 bread rations
 j - 2 meat rations
 q - 6 slices of pizza
 B - 17 fruits


   Skills:
 - Level 13.8 Fighting
 - Level 14.7 Maces & Flails
 - Level 12.7 Armour
 - Level 7.7 Dodging
 - Level 6.2 Shields
 - Level 13.1 Spellcasting
 * Level 6.2 Charms
 - Level 14.0 Necromancy
 + Level 4.0 Air Magic


You had 16 spell levels left.
You knew the following spells:

 Your Spells              Type           Power        Failure   Level  Hunger
a - Infusion              Chrm           #####.       12%         1    None
b - Blink                 Tloc           N/A          99%         2    None
c - Vampiric Draining     Necr           ######....   1%          3    None
d - Agony                 Necr           ######..     12%         5    ###....
e - Animate Dead          Necr           N/A          4%          4    None
f - Dispel Undead         Necr           ######..     12%         5    ###....
g - Swiftness             Chrm/Air       #####...     28%         2    None
h - Repel Missiles        Chrm/Air       #####.       28%         2    None
i - Flight                Chrm/Air       #####.....   54%         3    None


Dungeon Overview and Level Annotations

Branches:
Dungeon (15/15)            Temple (1/1) D:5            Lair (8/8) D:10
 Shoals (3/5) Lair:6        Snake (5/5) Lair:3        Slime (0/6) Lair:8
    Orc (4/4) D:12            Elf (0/3) Orc:3        Vaults (0/5) D:13
 Depths (1/5) D:15

Altars:
Ashenzari
Cheibriados
Dithmenos
Elyvilon
Fedhas
Gozag
Kikubaaqudgha
Makhleb
Nemelex Xobeh
Okawaru
Qazlal
Ru
Sif Muna
Trog
Vehumet
Xom
Yredelemnul
Zin
The Shining One

Shops:
D:7 (   Orc:4 =(:%%   Snake:4 (   Depths:1 *


Innate Abilities, Weirdness & Mutations

You have a pair of large horns on your head.
You are surrounded by a moderate repulsion field (EV +3).
Your flesh is heat resistant.
Your demonic aura causes spilled blood to erupt in flames.
You are completely attuned to the shadows.
You are immune to clouds of flame.
[You tend to lose your temper in combat.]
[Armour fits poorly on your strangely shaped body.]
[You are frail (-10% HP).]
[Your magical capacity is low (-10% MP).]
[You occasionally shout uncontrollably at your foes.]


Message History

You closely miss the ynoxinul.
The ynoxinul is lightly wounded.
The ynoxinul hits you but does no damage.
You whack the ynoxinul! You headbutt the ynoxinul.
The ynoxinul is severely wounded.
You hit the ynoxinul!
You kill the ynoxinul!
Kikubaaqudgha accepts your kill.
You start resting.
You feel your health improve.
You start resting.
You are feeling very hungry.
You start resting.
A hellion comes into view.
A hellion is nearby!
A Hell Sentinel comes into view.
The Hell Sentinel roars!
The Hell Sentinel hits you!!
You die...
Kikubaaqudgha rasps: "You have failed me!
Welcome... death!"

.#
#..#
2..
##.#
#..##
#...#
#@..#
#1##.#
..# .#
### #


You could see a Hell Sentinel and a hellion.

Vanquished Creatures
  A tentacled starspawn (Abyss:1)
  Kirke (Shoals:1)
  5 greater nagas
  Maud (Lair:3)
  Aizul (Shoals:1)
  Louise (Shoals:1)
  Gastronok (D:11)
  A stone giant (Orc:4)
  Snorg (Lair:3)
  A minotaur (Lab)
  2 vault guards (D:13)
  Fannar (Lair:5)
  Harold (D:13)
  8 hydras
  17 naga warriors
  6 centaur warriors
  2 ogre magi (D:15)
  16 anacondas
  2 merfolk aquamancers
  A tengu warrior (D:13)
  10 shock serpents
  Urug (D:13)
  6 orc high priests
  9 naga sharpshooters
  Nergalle (Orc:4)
  A wretched star (Abyss:1)
  2 wizards
  3 skeletal warriors (D:13)
  A giant orange brain (D:15)
  2 unseen horrors (D:13)
  3 salamander mystics
  An anaconda zombie (Snake:5)
  2 lindwurms (Shoals:1)
  7 orc knights
  9 sea snakes
  9 naga ritualists
  5 harpies
  6 mana vipers
  6 hill giants
  A necromancer (D:13)
  24 salamanders
  5 griffons
  3 cyclopes
  7 manticores
  12 guardian serpents
  An octopode (shapeshifter) (D:15)
  4 ugly things
  2 water nymphs
  3 sirens
  3 centaur zombies
  42 black mambas
  Joseph (Orc:2)
  30 naga magi
  21 elephants
  24 spiny frogs
  Psyche (Orc:1)
  2 gargoyles
  A yaktaur (D:14)
  A sea snake zombie (Shoals:2)
  A tengu conjurer (D:13)
  3 fire drakes
  9 komodo dragons
  An ancient zyme (Abyss:1)
  3 harpy zombies
  5 trolls
  A hydra zombie (Abyss:1)
  A blue devil (IceCv)
  4 polar bears
  A giant leech (Lair:8)
  Sonja (D:10)
  2 wind drakes
  4 merfolk
  3 ravens (D:13)
  6 two-headed ogres
  3 basilisks
  A baby alligator (shapeshifter) (D:15)
  A raven (shapeshifter) (D:15)
  2 snapping turtles
  15 slime creatures
  18 blink frogs
  6 water elementals
  2 vampires (D:15)
  A ynoxinul (Abyss:1)
  3 wyverns
  2 small abominations (Abyss:1)
  4 hogs (Shoals:1)
  A trapdoor spider (D:14)
  20 humans (D:13)
  A wraith (D:14)
  3 shadows
  10 vampire mosquitoes
  59 nagas
  32 yaks
  Grum (D:10)
  2 deep elf magi
  6 hungry ghosts
  5 wargs
  22 hippogriffs
  17 wolves
  An insubstantial wisp (Abyss:1)
  10 porcupines
  A mottled dragon (D:15)
  2 sky beasts
  2 phantoms
  A manticore zombie (Shoals:2)
  39 water moccasins
  2 merfolk zombies
  47 orc warriors
  A necrophage (D:12)
  A black bear (D:9)
  A boring beetle (Lair:8)
  21 ogres
  2 eyes of draining
  12 ice beasts
  A wasp (D:8)
  9 centaurs
  A brain worm (D:15)
  10 crocodiles
  Duvessa (D:7)
  A big kobold (D:11)
  A gnoll sergeant (D:9)
  38 giant frogs
  3 scorpions
  A hippogriff zombie (Shoals:1)
  6 wights
  4 lava snakes (Lab)
  9 electric eels
  A goliath beetle (D:8)
  10 crimson imps
  Dowan (D:7)
  15 hounds
  3 quasits
  2 giant frog zombies
  38 orc priests
  7 centaur skeletons
  9 iguanas
  7 jellies
  25 orc wizards
  2 giant frog skeletons
  7 worker ants
  13 sheep
  A naga zombie (Snake:5)
  A hound skeleton (D:6)
  2 mummies
  Robin (D:4)
  31 adders
  A worker ant zombie (D:11)
  83 river rats
  12 gnolls
  4 white imps (D:11)
  2 giant mites
  4 shadow imps
  An adder skeleton (D:8)
  2 adder zombies (D:8)
  2 oozes (D:1)
  216 orcs
  2 ball pythons
  5 bats
  2 bat skeletons (D:5)
  5 giant cockroaches
  39 goblins
  23 hobgoblins
  16 jackals
  21 kobolds
  11 quokkas
  A ball python zombie (D:5)
  6 giant geckos
  A giant gecko skeleton (D:6)
  3 giant newts
  3 giant spores
  A quokka skeleton (D:5)
  18 rats
  12 ballistomycetes
  5 fungi
  10 plants
  A starspawn tentacle (Abyss:1)
  A tentacle (Shoals:3)
1541 creatures vanquished.

Vanquished Creatures (collateral kills)
  A greater naga (Snake:5)
  A merfolk impaler (Shoals:2)
  A merfolk avatar (Shoals:3)
  An anaconda (Snake:5)
  A naga sharpshooter (Snake:5)
  A sea snake (Shoals:2)
  3 harpies (Shoals:3)
  3 fauns (Shoals:2)
  A griffon (Shoals:1)
  A guardian serpent (Snake:5)
  A siren (Shoals:1)
  3 naga magi (Snake:5)
  3 merfolk (Shoals:2)
  A snapping turtle (Shoals:1)
  A water elemental (Shoals:3)
  4 nagas (Snake:5)
  A centaur (Shoals:2)
28 creatures vanquished.

Vanquished Creatures (others)
  An anaconda zombie (Snake:5)
  An anaconda skeleton (Snake:5)
  5 drowned souls (Shoals:3)
  A shock serpent zombie (Snake:5)
  A naga mage (Snake:2)
  4 black mamba zombies (Snake:5)
  A griffon zombie (Shoals:3)
  A human (Shoals:1)
  4 merfolk zombies
  A water nymph zombie (Shoals:3)
  14 naga zombies (Snake:5)
  A manticore zombie (Shoals:3)
  A salamander zombie (Snake:5)
  A water moccasin zombie (Snake:5)
  A hippogriff zombie (Shoals:2)
  A naga skeleton (Snake:5)
  A centaur zombie (Shoals:3)
  A river rat (Lair:4)
  2 giant spores (D:8)
  21 fungi (Lair:8)
  30 plants
  2 starspawn tentacles (Abyss:1)
  164 starspawn tentacle segments (Abyss:1)
  3 tentacles (Shoals:3)
  179 tentacle segments (Shoals:3)
442 creatures vanquished.

Grand Total: 2011 creatures vanquished

Notes
Turn   | Place    | Note
--------------------------------------------------------------
     0 | D:1      | rgaf, the Demonspawn Skald, began the quest for the Orb.
     0 | D:1      | Reached XP level 1. HP: 16/16 MP: 3/3
   121 | D:1      | Reached skill level 1 in Armour
   200 | D:1      | Gained mutation: Your flesh is heat resistant. [demonic ancestry]
   200 | D:1      | Reached XP level 2. HP: 13/22 MP: 4/4
   691 | D:1      | Reached XP level 3. HP: 28/28 MP: 6/6
  1508 | D:2      | Reached XP level 4. HP: 31/34 MP: 8/8
  2105 | D:2      | Reached skill level 3 in Fighting
  2113 | D:2      | Gained mutation: You have a pair of small horns on your head. [demonic ancestry]
  2113 | D:2      | Reached XP level 5. HP: 24/41 MP: 9/9
  3691 | D:4      | Noticed Robin
  3714 | D:4      | Killed Robin
  4008 | D:4      | Noticed an ogre
  4021 | D:4      | Killed an ogre
  4021 | D:4      | Reached skill level 4 in Maces & Flails
  4021 | D:4      | Gained mutation: You are surrounded by a mild repulsion field (EV +2). [demonic ancestry]
  4021 | D:4      | Reached XP level 6. HP: 35/47 MP: 11/13
  4247 | D:4      | Found an iron altar of Okawaru.
  4977 | D:5      | Entered Level 5 of the Dungeon
  5103 | D:5      | Found a staircase to the Ecumenical Temple.
  5147 | Temple   | Entered the Ecumenical Temple
  5164 | Temple   | Became a worshipper of Kikubaaqudgha
  5478 | D:5      | Found a basalt altar of Yredelemnul.
  5497 | D:5      | Gained mutation: You are slightly more attuned to the shadows. [demonic ancestry]
  5497 | D:5      | Reached XP level 7. HP: 36/53 MP: 15/15
  6031 | D:6      | Found a shadowy altar of Dithmenos.
  6070 | D:6      | Found a glowing golden altar of the Shining One.
  6155 | D:6      | Found a bloodstained altar of Trog.
  6195 | D:6      | Reached skill level 5 in Maces & Flails
  6284 | D:6      | Acquired Kikubaaqudgha's first power
  6284 | D:6      | Received a gift from Kikubaaqudgha
  6335 | D:6      | Identified Kikubaaqudgha's Grimoire of Unholy Arts (Kikubaaqudgha gifted it to you on level 6 of the Dungeon)
  6715 | D:7      | Gained mutation: You are surrounded by a moderate repulsion field (EV +3). [demonic ancestry]
  6715 | D:7      | Reached XP level 8. HP: 39/61 MP: 18/18
  6932 | D:7      | Found Nerec's Weapon Shop.
  7729 | D:7      | Reached skill level 5 in Fighting
  7934 | D:7      | Reached skill level 6 in Maces & Flails
  7945 | D:7      | Noticed Duvessa
  7946 | D:7      | Noticed Dowan
  7984 | D:7      | Killed Dowan
  8304 | D:7      | Killed Duvessa
  8396 | D:7      | Reached skill level 5 in Spellcasting
  8932 | D:8      | Gained mutation: You are immune to clouds of flame. [demonic ancestry]
  8932 | D:8      | Reached XP level 9. HP: 68/68 MP: 21/21
  8943 | D:8      | Found a flagged portal.
  8991 | Bailey   | Entered a bailey
  8999 | Bailey   | Noticed an orc knight
  9289 | D:8      | Found a shattered altar of Ashenzari.
  9289 | D:8      | Found a radiant altar of Vehumet.
  9568 | D:8      | Reached skill level 7 in Maces & Flails
  9568 | D:8      | Reached skill level 5 in Armour
 10331 | D:8      | Found a shimmering altar of Xom.
 10446 | D:9      | Acquired Kikubaaqudgha's second power
 10627 | D:9      | Reached skill level 1 in Necromancy
 11014 | D:9      | Reached skill level 8 in Maces & Flails
 11313 | D:10     | Entered Level 10 of the Dungeon
 11412 | D:10     | Found a staircase to the Lair.
 11442 | D:10     | Reached XP level 10. HP: 77/77 MP: 24/24
 11473 | D:10     | HP: 1/77 [warg (11)]
 11844 | D:10     | Noticed Grum
 11859 | D:10     | Killed Grum
 12286 | D:10     | Received a gift from Kikubaaqudgha
 12289 | D:10     | Identified Kikubaaqudgha's Catalogue of Dark Secrets (Kikubaaqudgha gifted it to you on level 10 of the Dungeon)
 12402 | D:10     | Reached skill level 9 in Maces & Flails
 12552 | D:10     | Noticed Sonja
 12577 | D:10     | Killed Sonja
 12937 | D:10     | Noticed a hill giant
 13254 | D:10     | Noticed a centaur zombie
 13281 | D:10     | Killed a centaur zombie
 13286 | D:10     | Killed a hill giant
 13690 | Lair:1   | Entered Level 1 of the Lair of Beasts
 13736 | Lair:1   | Noticed an eight-headed hydra
 13763 | Lair:1   | Killed an eight-headed hydra
 13763 | Lair:1   | Reached skill level 5 in Necromancy
 13763 | Lair:1   | Gained mutation: You have a pair of horns on your head. [demonic ancestry]
 13763 | Lair:1   | Reached XP level 11. HP: 44/85 MP: 24/26
 13949 | Lair:1   | Noticed a seven-headed hydra
 14099 | Lair:1   | Killed a seven-headed hydra
 14099 | Lair:1   | Reached skill level 10 in Maces & Flails
 14391 | Lair:1   | Noticed an eight-headed hydra
 14407 | Lair:1   | Killed an eight-headed hydra
 15443 | Lair:2   | Found a frozen archway.
 15512 | IceCv    | Entered an ice cave
 15667 | IceCv    | Noticed an ice statue
 15667 | IceCv    | Noticed an ice statue
 15704 | Lair:2   | You fall through a shaft!
 15725 | Lair:3   | Acquired Kikubaaqudgha's third power
 15725 | Lair:3   | Reached skill level 1 in Shields
 16029 | Lair:3   | Noticed Maud
 16051 | Lair:3   | Killed Maud
 16051 | Lair:3   | Reached skill level 11 in Maces & Flails
 16073 | Lair:3   | Gained mutation: You are significantly more attuned to the shadows. [demonic ancestry]
 16073 | Lair:3   | Reached XP level 12. HP: 87/94 MP: 28/28
 16095 | Lair:3   | Noticed Snorg
 16119 | Lair:3   | Killed Snorg
 16173 | Lair:3   | Found a staircase to the Snake Pit.
 16495 | Lair:3   | Acquired Kikubaaqudgha's fourth power
 16651 | Lair:3   | Noticed a six-headed hydra
 16711 | Lair:3   | Killed a six-headed hydra
 17373 | Lair:4   | Noticed an eight-headed hydra
 17382 | Lair:4   | Killed an eight-headed hydra
 17693 | Lair:4   | Got a fine rapier
 18646 | Lair:5   | Noticed Fannar
 18673 | Lair:5   | Killed Fannar
 19492 | Lair:6   | Found a staircase to the Shoals.
 19504 | Lair:6   | Reached skill level 12 in Maces & Flails
 19593 | Lair:6   | Gained mutation: Your demonic aura causes spilled blood to erupt in flames. [demonic ancestry]
 19593 | Lair:6   | Reached XP level 13. HP: 82/101 MP: 29/29
 20064 | Lair:6   | Identified the +5 rapier "Beetle's Regret" {pierce, +Blink Str+2} (You found it on level 4 of the Lair of Beasts)
 21453 | Lair:8   | Entered Level 8 of the Lair of Beasts
 21499 | Lair:8   | Found a staircase to the Slime Pits.
 21563 | Lair:8   | Reached skill level 5 in Shields
 21592 | Lair:8   | Reached skill level 10 in Fighting
 22224 | Lair:8   | Reached skill level 13 in Maces & Flails
 22269 | Lair:8   | Gained mutation: You are completely attuned to the shadows. [demonic ancestry]
 22269 | Lair:8   | Reached XP level 14. HP: 90/110 MP: 31/31
 24623 | Lair:2   | Learned a level 2 spell: Blink
 24627 | Lair:2   | Learned a level 3 spell: Vampiric Draining
 24633 | Lair:2   | Learned a level 5 spell: Agony
 24891 | D:11     | Noticed Gastronok
 24928 | D:11     | Killed Gastronok
 24928 | D:11     | Reached skill level 10 in Spellcasting
 25299 | D:11     | Reached skill level 10 in Necromancy
 26370 | D:12     | Found a staircase to the Orcish Mines.
 27067 | Orc:1    | Entered Level 1 of the Orcish Mines
 27067 | Orc:1    | Noticed Psyche
 27071 | Orc:1    | Killed Psyche
 27880 | Orc:1    | Noticed Joseph
 27888 | Orc:2    | Killed Joseph
 28218 | Orc:1    | Found a shimmering altar of Xom.
 28277 | Orc:1    | Found a bloodstained altar of Trog.
 28981 | Orc:3    | Found a bloodstained altar of Trog.
 28982 | Orc:3    | Found a staircase to the Elven Halls.
 29133 | Orc:4    | Entered Level 4 of the Orcish Mines
 29288 | Orc:4    | Noticed Nergalle
 29294 | Orc:4    | Killed Nergalle
 29488 | Orc:4    | Reached skill level 10 in Armour
 29831 | Orc:4    | Found Uzuad's Food Shop.
 30130 | Orc:4    | Reached skill level 14 in Maces & Flails
 30184 | Orc:4    | Reached XP level 15. HP: 101/118 MP: 33/33
 30716 | Orc:4    | Found Counaofif's Weapon Shop.
 30721 | Orc:4    | Found Cuogou's Jewellery Shop.
 30721 | Orc:4    | Found Nainla Khudo's Food Shop.
 30722 | Orc:4    | Found Strypt's Book Boutique.
 31335 | Snake:1  | Entered Level 1 of the Snake Pit
 35300 | Snake:3  | Reached skill level 1 in Dodging
 35726 | Snake:3  | Gained mutation: You have a pair of large horns on your head. [potion of beneficial mutation]
 37673 | D:13     | Noticed Urug
 37689 | D:13     | Killed Urug
 37735 | D:13     | Found a labyrinth entrance.
 37741 | Lab      | Entered a labyrinth
 38617 | Lab      | Identified the Disquisition on the Creative Compass
 38629 | Lab      | Got a slimy bronze ring
 38629 | Lab      | Identified the Handbook of Clay and Transmigration
 38635 | Lab      | Identified the ring "Izav" {Wiz Int+2} (You found it in a labyrinth)
 38638 | Lab      | Got a pair of jewelled boots
 38649 | Lab      | Identified the +1 pair of boots "Veshrigi" {Stlth+} (You found it in a labyrinth)
 38829 | D:13     | Reached XP level 16. HP: 127/127 MP: 34/34
 38973 | D:13     | Found a gate to the Vaults.
 39578 | D:13     | Noticed Harold
 39587 | D:13     | Killed Harold
 41115 | D:15     | Entered Level 15 of the Dungeon
 43031 | D:15     | Found a staircase to the Depths.
 43345 | Orc:4    | Bought the ring of Linearity {rElec rC+ Str+2 Int+5 Dex-4 Stlth-} for 735 gold pieces
 44346 | Snake:4  | Reached skill level 5 in Dodging
 44972 | Snake:4  | Found Yxzuunao's Antique Weapon Boutique.
 45936 | Snake:4  | Reached XP level 17. HP: 135/135 MP: 36/36
 46218 | Snake:5  | Entered Level 5 of the Snake Pit
 50621 | Snake:5  | Learned a level 4 spell: Animate Dead
 51725 | Snake:5  | Got a serpentine rune of Zot
 53324 | Lair:2   | Learned a level 5 spell: Dispel Undead
 53327 | Lair:2   | Learned a level 2 spell: Swiftness
 53330 | Lair:2   | Learned a level 2 spell: Repel Missiles
 53514 | D:15     | Mutation became permanent: You have a pair of large horns on your head. [demonic ancestry]
 53514 | D:15     | Reached XP level 18. HP: 145/145 MP: 37/37
 53608 | Depths:1 | Entered Level 1 of the Depths
 53609 | Depths:1 | Found Bene's Wicked Wares.
 53610 | Depths:1 | Found a basalt altar of Yredelemnul.
 53616 | Depths:1 | Bought a scroll of torment for 135 gold pieces
 53635 | D:15     | Identified a scroll of acquirement
 54033 | Lair:6   | Reached skill level 1 in Air Magic
 54076 | Shoals:1 | Entered Level 1 of the Shoals
 54342 | Shoals:1 | Noticed Kirke
 54547 | Shoals:1 | Killed Kirke
 54642 | Shoals:1 | Noticed Aizul
 54669 | Shoals:1 | Killed Aizul
 54827 | Shoals:1 | Noticed Louise
 54841 | Shoals:1 | Killed Louise
 55753 | Lair:2   | Learned a level 3 spell: Flight
 55964 | Shoals:2 | Reached skill level 5 in Charms
 57182 | Shoals:3 | Cast into the Abyss (merfolk impaler)
 57182 | Abyss:1  | Found a corrupted altar of Lugonu.
 57379 | Abyss:1  | Noticed a bone dragon
 57509 | Abyss:1  | HP: 4/130 [spatial maelstrom (16)]
 57680 | Abyss:1  | Slain by a Hell Sentinel

Action                   |  1- 3 |  4- 6 |  7- 9 | 10-12 | 13-15 | 16-18 || total
-------------------------+-------+-------+-------+-------+-------+-------++-------
Melee: Mace              |   132 |   282 |   309 |       |       |       ||   723
       Morningstar       |       |       |    62 |       |       |       ||    62
       Whip              |       |       |   107 |   677 |  1859 |  1684 ||  4327
       Eveningstar       |       |       |       |       |       |    11 ||    11
 Cast: Infusion          |       |       |     2 |     3 |       |     1 ||     6
       Animate Dead      |       |       |       |       |       |    30 ||    30
       Repel Missiles    |       |       |       |       |       |     1 ||     1
       Swiftness         |       |       |       |       |       |     1 ||     1
       Flight            |       |       |       |       |       |     1 ||     1
Invok: Receive Corpses   |       |       |       |       |       |     5 ||     5
Evoke: Wand              |       |       |       |       |     5 |     1 ||     6
  Use: Scroll            |       |       |    11 |     8 |    17 |    20 ||    56
       Potion            |       |       |     5 |     3 |     5 |     5 ||    18
 Stab: Sleeping          |     1 |       |       |     3 |     6 |       ||    10
       Distracted        |       |       |       |       |     2 |     3 ||     5
  Eat: Chunk             |     2 |     5 |    11 |    14 |    14 |    20 ||    66
       Meat ration       |       |     1 |     1 |     2 |     6 |     5 ||    15
       Pizza             |       |     1 |     2 |       |     3 |     7 ||    13
       Royal jelly       |       |       |     1 |     1 |       |       ||     2
       Beef jerky        |       |       |       |     1 |     4 |     1 ||     6
       Fruit             |       |       |       |       |     8 |     1 ||     9
